AoeStats
← Comend x comend

Black Forest

508302558Analyzed
4v4 RM · 10d ago on Sep 21, 2026· 36m 37s· 8 players
Game mode
Random Map
Map size
Large (8 player)
Population
200
Speed
Normal
Resources
Standard
Victory
Conquest
Starting age
Dark Age
Ending age
Imperial Age
RankedLock teamsTeams togetherTeam positionsShared explorationLock speedFull tech treeHidden civsTurbo modeCheats
Victory
Defeat
🇺🇸 Aztecs · United States
1431
+13
1398
+14
🇰🇷 Lithuanians · South Korea
1395
+14
🇩🇪 Huns · Germany
1333
+17
🇵🇪 Maya · Peru
1402
-16
🇵🇪 Franks · Peru
1366
-15
🇨🇱 Japanese · Chile
1347
-14
🇨🇱 Teutons · Chile
1312
-13
Comend x comend
7:17 Loom
13:36 Feudal Age
18:16 Castle Age
25:04 Imperial Age
EZZE
11:06 Feudal Age
15:34 Castle Age
14:17 Double-Bit Axe
15:06 Horse Collar
17:06 Bow Saw
18:23 Fishing Lines
22:21 Wheelbarrow
23:19 Heavy Plow
23:57 Gold Mining
24:59 Stone Mining
26:14 Hand Cart
27:02 Stone Shaft Mining
27:23 Forging
27:19 Scale Barding Armor
27:58 Bloodlines
31:11 Imperial Age
28:40 Town Watch
28:41 Loom
29:40 Chain Barding Armor
29:55 Iron Casting
31:14 Cavalier
31:25 Cavalier
32:44 Plate Barding Armor
33:09 Blast Furnace
32:32 Conscription
33:34 Pikeman
34:15 Squires
34:00 Gambesons
34:01 Arson
34:17 Scale Mail Armor
33:47 Paladin
34:34 Halberdier
36:26 Chain Mail Armor
37:38 Plate Mail Armor
kraquen
0:30 Loom
16:05 Feudal Age
22:57 Double-Bit Axe
25:58 Scale Mail Armor
NPG | Aleatoriedad
12:07 Feudal Age
15:46 Castle Age
14:33 Double-Bit Axe
14:30 Horse Collar
14:39 Fishing Lines
17:16 Bow Saw
25:01 Wheelbarrow
26:13 Loom
26:43 Hand Cart
Silence
0:49 Loom
12:54 Feudal Age
17:13 Castle Age
15:53 Double-Bit Axe
22:54 Redemption
25:01 Fishing Lines
26:19 Horse Collar
28:09 Bow Saw
28:48 Gillnets
30:09 Wheelbarrow
33:12 Imperial Age
30:28 Town Watch
31:05 Atonement
31:08 Squires
31:03 Stone Mining
31:05 Gold Mining
31:18 Scale Mail Armor
31:34 Pikeman
33:00 Chain Mail Armor
32:55 Forging
34:35 Plate Mail Armor
35:17 Iron Casting
34:26 Onager
36:04 Man-at-Arms
37:11 Hand Cart
kdu0687
12:23 Feudal Age
13:57 Double-Bit Axe
14:43 Gold Mining
17:15 Castle Age
16:06 Stone Mining
17:19 Wheelbarrow
18:35 Horse Collar
19:17 Heavy Plow
19:28 Bow Saw
24:40 Fishing Lines
25:09 Loom
27:54 Stone Shaft Mining
28:40 Gillnets
32:08 Imperial Age
30:34 Hand Cart
30:30 Forging
30:25 Scale Barding Armor
30:39 Bloodlines
30:29 Husbandry
30:54 Treadmill Crane
32:11 Iron Casting
33:00 Chain Barding Armor
32:10 Elite Leitis
33:12 Conscription
34:14 Two-Man Saw
33:52 Crop Rotation
34:51 Plate Barding Armor
pirate.king7
1:48 Loom
11:32 Feudal Age
11:35 Man-at-Arms
15:18 Double-Bit Axe
19:08 Horse Collar
20:55 Wheelbarrow
23:44 Castle Age
22:08 Gold Mining
23:27 Fletching
23:38 Padded Archer Armor
24:28 Bodkin Arrow
25:02 Bow Saw
26:37 Thumb Ring
28:04 Leather Archer Armor
28:41 Ballistics
28:40 Hand Cart
29:08 Heavy Plow
我放了个屁她顺风追了
4:00 Loom
12:25 Feudal Age
16:27 Castle Age
14:16 Fishing Lines
19:55 Wheelbarrow
19:17 Horse Collar
28:35 Imperial Age
27:06 Forging
27:02 Scale Barding Armor
27:08 Gillnets
27:20 Gold Mining
28:51 Gold Shaft Mining
29:49 Bloodlines
29:39 Husbandry
30:19 Hand Cart
30:09 Heavy Plow
30:48 Conscription
31:15 Redemption
31:28 Caravan
31:22 Town Watch
32:10 Howdah
31:35 Elite Battle Elephant
32:56 Iron Casting
32:42 Chain Barding Armor
34:50 Blast Furnace
35:16 Plate Barding Armor
36:32 Town Patrol
36:34 Fletching
Connection lost

Rejoining the realm…

Still unreachable

The connection could not be restored.

Session expired

The server has moved on; the page needs a fresh start.